 Dungeon Crawl Stone Soup version 0.32-a0-913-g739538afd8 (webtiles) character file.

Game seed: 3063639261859394926

32033 Arkalis the Carver (level 13, -9/102 HPs)
             Began as a Coglin Chaos Knight on Apr 7, 2024.
             Was a Plaything of Xom.
             Mangled by a blink frog (11 damage)
             ... on level 2 of the Lair of Beasts.
             The game lasted 01:10:17 (15329 turns).

Arkalis the Carver (Coglin Chaos Knight)           Turns: 15329, Time: 01:10:18

Health: -9/102     AC: 12    Str: 15    XL:     13   Next: 61%
Magic:  13/13      EV: 15    Int: 16    God:    Xom [......]
Gold:   231        SH:  0    Dex: 20    Spells: 11/12 levels left

rFire   . . .        b - +6 scimitar (elec) {Manveen}
rCold   . . .        m - +7 rapier of Jaifeco {heavy, rCorr Dex+4}
rNeg    . . .        H - +2 acid dragon scales
rPois   .            y - +2 hat
rElec   .            G - +0 cloak
rCorr   +            (no gloves)
SInv    .            q - +0 pair of boots
Will    .....        (amulet unavailable)
Stlth   ++++         (ring unavailable)
HPRegen 0.37/turn    (ring unavailable)
MPRegen 0.13/turn    (no gizmo)

%: clarity
@: lethally poisoned (-9 -> -17), hasted, revved, very quick
A: off-hand wielding, slow wielding, warmup strikes, no jewellery, camouflage 1,
clarity, clever 1, deformed body, sense surroundings 1, screaming 1, shaggy fur
1, strong 1, no potion heal 1, MP-powered wands
a: Invent Gizmo, Renounce Religion


You were on level 2 of the Lair of Beasts.
You worshipped Xom.
You were a very special plaything of Xom.
You visited 3 branches of the dungeon, and saw 16 of its levels.
You also visited: Sewer.

You collected 944 gold pieces.
You spent 713 gold pieces at shops.

Inventory:

Hand Weapons
 b - a +6 scimitar of electrocution (weapon) {Manveen}
 m - the +7 rapier of Jaifeco (offhand) {heavy, rCorr Dex+4}
   (You acquired it in a sewer)

   Dex+4:     It affects your dexterity (+4).
   rCorr:     It protects you from acid and corrosion.
Missiles
 D - 2 throwing nets (quivered)
Armour
 q - a +0 pair of boots (worn)
 y - a +2 hat (worn)
 E - a +2 robe of willpower
 G - a +0 cloak (worn)
 H - +2 acid dragon scales (worn)
Magical Staves
 g - a staff of alchemy
 i - a staff of fire
 k - a staff of cold
 u - a staff of air
 x - a staff of death
Wands
 l - a wand of mindburst (1)
 F - a wand of quicksilver (1)
Scrolls
 n - 2 scrolls of amnesia
 p - a scroll of revelation
 r - 2 scrolls of vulnerability
 s - a scroll of brand weapon
Potions
 f - a potion of invisibility
 j - 2 potions of attraction
 o - a potion of brilliance
 t - 3 potions of curing
 w - 4 potions of enlightenment
 z - a potion of degeneration
 I - 2 potions of mutation


   Skills:
 + Level 9.7 Fighting
 + Level 10.9(12.9) Short Blades
 + Level 12.1(14.1) Long Blades
 + Level 6.1 Armour
 + Level 7.3 Dodging
 + Level 7.1 Stealth
 + Level 3.9 Evocations


You had 11 spell levels left.
You knew the following spells:

 Your Spells              Type           Power      Damage    Failure   Level
a - Foxfire               Conj/Fire      0%         2x1d4     34%         1

Your spell library contained the following spells:

 Spells                   Type           Power      Damage    Failure   Level
 Necrotise                Necr           0%         1d4       34%         1
 Sandblast                Erth           0%         2d4       34%         1
 Shock                    Conj/Air       0%         1d3       34%         1
 Summon Small Mammal      Summ           0%         N/A       34%         1
 Ensorcelled Hibernation  Hex/Ice        0%         N/A       45%         2
 Sublimation of Blood     Necr           0%         N/A       45%         2
 Call Canine Familiar     Summ           0%         N/A       71%         3
 Fugue of the Fallen      Necr           0%         N/A       71%         3
 Inner Flame              Hex/Fire       0%         N/A       71%         3
 Passwall                 Erth           0%         N/A       71%         3
 Swiftness                Air            0%         N/A       71%         3
 Tukima's Dance           Hex            0%         N/A       71%         3
 Volatile Blastmotes      Fire/Tloc      0%         2d10      71%         3
 Airstrike                Air            0%         2d(0-16)  98%         4
 Anguish                  Hex/Necr       0%         N/A       98%         4
 Animate Dead             Necr           0%         N/A       98%         4
 Dimensional Bullseye     Hex/Tloc       0%         N/A       98%         4
 Flame Wave               Conj/Fire      0%         2d4       98%         4
 Iskenderun's Mystic Bla Conj/Tloc 0%             2d3        (+2d1     98%         4
 Petrify                  Alch/Erth      0%         N/A       98%         4
 Sticky Flame             Fire/Alch      0%         2d4       98%         4
 Summon Blazeheart Golem  Fire/Summ      0%         N/A       98%         4
 Vhi's Electric Charge    Tloc/Air       0%         N/A       98%         4
 Irradiate                Conj/Alch      0%         3d11      100%        5
 Bombard                  Conj/Erth      0%         9d1       100%        6
 Haunt                    Necr/Summ      0%         N/A       100%        7
 Infestation              Necr           0%         N/A       100%        8


Dungeon Overview and Level Annotations

Branches:
Dungeon (13/15)            Temple (1/1) D:7            Lair (2/5) D:11
    Orc (0/2) D:11          Sewer (visited)
  Swamp: Lair:2-3    Shoals: Lair:2-3     Snake: Lair:2-3    Spider: Lair:2-3
 Vaults: D:13-14

Altars:
Ashenzari
Cheibriados
Dithmenos
Elyvilon
Fedhas
Gozag
Hepliaklqana
Kikubaaqudgha
Makhleb
Nemelex Xobeh
Okawaru
Qazlal
Ru
Sif Muna
Trog
Uskayaw
Vehumet
Wu Jian
Xom
Yredelemnul
Zin
The Shining One

Shops:
D:9 (*   D:12 *

Annotations:
D:12 2 transporters, Vynoutz's ghost, journeyman OpFi


Innate Abilities, Weirdness & Mutations

You can wield a second weapon in your off-hand.
It takes a long time for you to wield or remove held weapons.
Your first few attacks do less damage.
You cannot equip rings or amulets.
Your skin changes colour to match your surroundings (Stealth+).
You possess an exceptional clarity of mind.
Your mind is acute. (Int +4, Str/Dex -1)
Armour fits poorly on your strangely shaped body.
You passively map a small area around you.
You occasionally shout uncontrollably at your foes.
You are covered in fur. (AC +1)
Your muscles are strong. (Str +4, Int/Dex -1)
Potions are less effective at restoring your health.
You expend magic power (3 MP) to strengthen your wands.


Message History

The blink frog blinks!
You barely miss the yak with the +7 rapier of Jaifeco.
You slice the yak with your +6 scimitar of electrocution!!
Lightning courses through the yak!!
You kill the yak!
The water moccasin bites you but does no damage.
The blink frog blinks!
You miss the water moccasin with the +7 rapier of Jaifeco.
The water moccasin is heavily wounded.
You barely miss the water moccasin with your +6 scimitar of electrocution.
The water moccasin closely misses you.
You closely miss the water moccasin with the +7 rapier of Jaifeco.
The water moccasin is heavily wounded.
You hit the water moccasin with your +6 scimitar of electrocution.
The water moccasin misses you.
You feel yourself speed up.
The water moccasin completely misses you.
The yak barely misses you. The blink frog misses you.
The water moccasin bites you.
* * * LOW HITPOINT WARNING * * *
You are poisoned.
The water moccasin poisons you!
You barely miss the water moccasin with the +7 rapier of Jaifeco.
The water moccasin is heavily wounded.
You slice the water moccasin with your +6 scimitar of electrocution!!
You kill the water moccasin!
You feel sick. The yak barely misses you. The yak misses you.
You slash the yak with your +6 scimitar of electrocution!
Lightning courses through the yak!
The yak is heavily wounded.
You impale the yak with the +7 rapier of Jaifeco!!
You kill the yak!
You feel sick. The blink frog hits you!
* * * LOW HITPOINT WARNING * * *
You miss the blink frog with the +7 rapier of Jaifeco.
The blink frog is moderately wounded.
You slash the blink frog with your +6 scimitar of electrocution!
* * * LOW HITPOINT WARNING * * *
You feel sick. The blink frog hits you!
You die...

* * , P......* ,* ,
* ......... ,* ,,
...P#l.. . ,
,.......... , #, *
,#...#...# ##. *
#§.##...# *
.#...####§§#....###
.......§Y§§#PYY††.#
*
.P....F@F§§§..Y..##
.##....§§§§§..####
#...#####§#### #.#.
* ### ##. , # , , ,
** * *


You could see a yak and 2 blink frogs.

Vanquished Creatures
  A frost giant (D:12)
  Snorg (D:10)
  A boulder beetle (D:10)
  4 two-headed ogres
  A centaur warrior (D:13)
  The ghost of Fodor the Cleaver, a novice MiFi of Gozag (D:9)
  A hell knight (D:12)
  A deep troll (Lair:1)
  Pikel (D:4)
  A deep elf zephyrmancer (D:12)
  Maurice (D:12)
  3 cyclopes (D:12)
  A manticore (D:12)
  3 slime creatures (D:12)
  Joseph (D:7)
  7 centaur zombies (D:11)
  2 molten gargoyles (D:13)
  A cane toad (Lair:1)
  A kobold demonologist (D:11)
  A rime drake (D:11)
  An unseen horror (D:12)
  Jeremiah (D:6)
  A yaktaur (D:12)
  3 komodo dragons
  2 trolls
  A polar bear (D:11)
  Prince Ribbit (D:5)
  A blink frog (Lair:2)
  A dream sheep (D:10)
  3 wraiths (D:11)
  2 shadows
  Sigmund (D:4)
  A wyvern (shapeshifter) (D:13)
  36 yaks
  A culicivora (D:9)
  2 wyverns
  A fire bat (D:8)
  Eustachio (D:4)
  10 vampire mosquitoes
  2 acid dragons
  Duvessa (D:6)
  5 water moccasins
  2 orc warriors
  5 ice beasts
  3 black bears
  2 sky beasts (D:8)
  3 boggarts (D:11)
  11 centaurs
  7 wolves
  2 phantoms (D:5)
  2 lemures (D:4)
  3 kobold brigands
  5 bullfrogs
  4 scorpions
  A gnoll sergeant (D:9)
  A burial acolyte (D:10)
  3 wights (D:6)
  Dowan (D:6)
  16 killer bees
  7 howler monkeys
  4 bombardier beetles
  4 lava snakes (D:13)
  6 hounds
  A jelly (D:6)
  4 orc priests
  A boggart zombie (D:11)
  4 iguanas
  7 orc wizards
  A sleepcap (D:5)
  A hell rat (Sewer)
  9 gnolls
  10 adders
  2 river rats (Sewer)
  2 ufetubi (D:6)
  2 adder zombies (D:10)
  5 dart slugs
  A ribbon worm (D:2)
  17 orcs
  9 ball pythons
  6 endoplasms
  4 giant cockroaches
  10 goblins
  10 hobgoblins
  3 jackals (D:5)
  5 quokkas
  5 bats
  3 frilled lizards
  23 kobolds
  6 rats
355 creatures vanquished.

Vanquished Creatures (collateral kills)
  4 killer bees (D:7)
  A jackal (D:5)
  3 kobolds (D:6)
8 creatures vanquished.

Vanquished Creatures (others)
  An arcanist (D:4)
1 creature vanquished.

Grand Total: 364 creatures vanquished

Notes
Turn   | Place    | Note
-------+----------+-------------------------------------------
     0 | D:1      | Arkalis the Coglin Chaos Knight began the quest for the
                  | Orb.
     0 | D:1      | Reached XP level 1. HP: 18/18 MP: 1/1
    62 | D:1      | XOM: silly message
    93 | D:1      | Reached XP level 2. HP: 21/24 MP: 2/2
   105 | D:1      | XOM: divination: detect creatures
   169 | D:1      | Reached skill level 1 in Dodging
   188 | D:1      | Found a faded altar of an unknown god.
   188 | D:1      | XOM: potion effect (might)
   359 | D:1      | XOM: divination: magic mapping
   477 | D:1      | XOM: give mutations
   477 | D:1      | Gained mutation: You are agile. (Dex +4, Str/Int -1) [Xom's
                  | grace]
   477 | D:1      | Gained mutation: You have very sharp teeth. [Xom's grace]
   612 | D:1      | XOM: scenery: create altars
   833 | D:2      | Reached XP level 3. HP: 28/29 MP: 3/3
   899 | D:2      | Found a hazy altar of Hepliaklqana.
  1411 | D:3      | Reached XP level 4. HP: 35/35 MP: 4/4
  1421 | D:3      | Got Commencing the Wizard's Wisdom
  1487 | D:3      | Found a glowing drain.
  1494 | D:3      | Reached skill level 1 in Short Blades
  1505 | D:3      | XOM: give mutations
  1505 | D:3      | Gained mutation: You possess an exceptional clarity of
                  | mind. [Xom's mischief]
  1505 | D:3      | Gained mutation: You have a somewhat thin skeletal
                  | structure. (Dex +2, Stealth+) [Xom's mischief]
  1567 | D:3      | XOM is BORED!
  1567 | D:3      | XOM: give mutations
  1567 | D:3      | Gained mutation: Potions are less effective at restoring
                  | your health. [Xom's mischief]
  1567 | D:3      | Lost mutation: You have very sharp teeth. [Xom's mischief]
  1698 | D:3      | Found an ornate altar of the Wu Jian Council.
  1728 | Sewer    | Entered a sewer
  1754 | Sewer    | Reached skill level 4 in Long Blades
  1773 | Sewer    | XOM: 1-stop teleportation journey
  1776 | Sewer    | Reached XP level 5. HP: 28/41 MP: 5/5
  1805 | Sewer    | Identified a scroll of acquirement
  1805 | Sewer    | Acquired the +7 rapier of Jaifeco {heavy, rCorr Dex+4}
  1884 | D:3      | Found a hide-covered altar of Uskayaw.
  1885 | D:3      | Found a glowing silver altar of Zin.
  1885 | D:3      | Found a broken altar of Ashenzari.
  1885 | D:3      | Found a glowing golden altar of the Shining One.
  1887 | D:3      | Found a snail-covered altar of Cheibriados.
  2257 | D:3      | XOM: enchant monster (bad)
  2275 | D:3      | XOM: swap monsters
  2395 | D:4      | Noticed a lemure
  2400 | D:4      | Noticed Pikel
  2400 | D:4      | Noticed a lemure
  2400 | D:4      | Noticed a lemure
  2404 | D:4      | Killed a lemure
  2411 | D:4      | Reached skill level 1 in Stealth
  2411 | D:4      | Reached XP level 6. HP: 32/48 MP: 6/6
  2464 | D:4      | XOM: 1-stop teleportation journey
  2493 | D:4      | Noticed Sigmund
  2559 | D:4      | Noticed Eustachio
  2561 | D:4      | XOM: confuse monster(s)
  2564 | D:4      | Killed Eustachio
  2597 | D:4      | Killed Sigmund
  2598 | D:4      | Reached skill level 5 in Long Blades
  2598 | D:4      | Reached XP level 7. HP: 45/54 MP: 7/7
  2678 | D:4      | XOM: divination: detect items
  2697 | D:4      | Killed Pikel
  2698 | D:4      | Reached skill level 1 in Evocations
  2698 | D:4      | Reached XP level 8. HP: 29/61 MP: 8/8
  2949 | D:4      | HP: 3/61 [burnt (3)]
  3445 | D:4      | Found a bloodstained altar of Trog.
  3449 | D:4      | Noticed a wizard
  3453 | D:4      | Killed a wizard
  3615 | D:5      | Entered Level 5 of the Dungeon
  3787 | D:5      | Reached skill level 6 in Long Blades
  4041 | D:5      | XOM: give mutations
  4041 | D:5      | Gained mutation: You occasionally shout uncontrollably at
                  | your foes. [Xom's mischief]
  4041 | D:5      | Lost mutation: You have a somewhat thin skeletal structure.
                  | (Dex +2, Stealth+) [Xom's mischief]
  4053 | D:5      | Noticed Prince Ribbit
  4062 | D:5      | XOM: summons friendly ufetubus
  4071 | D:5      | Killed Prince Ribbit
  4072 | D:5      | Reached XP level 9. HP: 41/67 MP: 9/9
  4324 | D:5      | Reached skill level 5 in Short Blades
  4515 | D:5      | XOM: silly message
  4825 | D:6      | XOM: summons 9 friendly demons
  4830 | D:6      | Reached skill level 5 in Fighting
  4879 | D:6      | Noticed Jeremiah
  4901 | D:6      | XOM: noise
  4912 | D:6      | Killed Jeremiah
  5051 | D:6      | Reached skill level 5 in Stealth
  5411 | D:6      | XOM: destruction
  5522 | D:6      | Reached skill level 7 in Long Blades
  5524 | D:6      | Noticed a two-headed ogre
  5533 | D:6      | Killed a two-headed ogre
  5534 | D:6      | Reached XP level 10. HP: 65/76 MP: 10/10
  5703 | D:6      | XOM: god gift: club {god gift}
  5760 | D:6      | XOM: god gift: 3 stones
  5761 | D:6      | XOM: noise
  5831 | D:6      | Noticed Duvessa
  5831 | D:6      | Noticed Dowan
  5836 | D:6      | XOM: swap monsters
  5845 | D:6      | Killed Dowan
  5861 | D:6      | Killed Duvessa
  5889 | D:6      | You fall into a shaft and drop 2 floors!
  5939 | D:7      | Found a staircase to the Ecumenical Temple.
  5947 | D:7      | XOM: scenery: 1 doors close
  5951 | Temple   | Entered the Ecumenical Temple
  6059 | D:7      | XOM: cast spell 'Summon Cactus Giant'
  6065 | D:7      | XOM: noise
  6155 | D:7      | Noticed Joseph
  6166 | D:7      | Killed Joseph
  6312 | D:7      | XOM: scenery: summon butterflies
  6401 | D:7      | XOM: cloud trail
  6868 | D:7      | XOM: god gift: 21 gold pieces
  6886 | D:7      | XOM: god gift: 25 gold pieces
  7022 | D:7      | XOM: god gift: 2 scrolls of teleportation
  7335 | D:8      | Learned a level 1 spell: Foxfire
  7439 | D:8      | Found a shimmering altar of Xom.
  7489 | D:8      | XOM: divination: detect creatures
  7503 | D:8      | Noticed a two-headed ogre
  7522 | D:8      | Killed a two-headed ogre
  7523 | D:8      | Reached skill level 8 in Long Blades
  7831 | D:9      | Found Oseitaq's Weapon Boutique.
  7843 | D:9      | XOM: summons friendly quasit
  7850 | D:9      | Found Wouxzaw's Whimsical Warehouse.
  7874 | D:9      | Noticed a two-headed ogre
  7883 | D:9      | a two-headed ogre changed into a culicivora
  7883 | D:9      | XOM: polymorph two-headed ogre -> culicivora
  8051 | D:9      | Found a large runed translucent door.
  8051 | D:9      | Found a large runed translucent door.
  8054 | D:9      | Noticed Fodor's ghost (novice MiFi)
  8062 | D:9      | Reached XP level 11. HP: 68/83 MP: 11/11
  8123 | D:9      | Killed Fodor's ghost
  8124 | D:9      | Reached skill level 5 in Dodging
  8417 | D:9      | XOM: give mutations
  8417 | D:9      | Gained mutation: Your muscles are strong. (Str +4, Int/Dex
                  | -1) [Xom's grace]
  8417 | D:9      | Gained mutation: Your skin changes colour to match your
                  | surroundings (Stealth+). [Xom's grace]
  8490 | D:9      | XOM: enchant monster (good)
  8653 | D:9      | XOM: give mutation
  8653 | D:9      | Gained mutation: You expend magic power (3 MP) to
                  | strengthen your wands. [Xom's grace]
  8679 | D:9      | Bought a +6 scimitar of holy wrath for 548 gold pieces
  8705 | D:10     | Entered Level 10 of the Dungeon
  8705 | D:10     | Noticed Snorg
  8717 | D:10     | Killed Snorg
  8755 | D:10     | XOM: 1-stop teleportation journey
  8853 | D:10     | XOM: 2-stop teleportation journey
  8880 | D:10     | Noticed a boulder beetle
  8890 | D:10     | Killed a boulder beetle
  8891 | D:10     | Reached skill level 9 in Long Blades
  9172 | D:10     | XOM: torment (43/84 hp)
  9402 | D:10     | XOM: 5-stop teleportation journey
  9407 | D:10     | XOM: scenery: create altars
  9416 | D:10     | XOM: blink monster(s)
  9423 | D:10     | XOM: polymorph yak -> dream sheep
  9596 | D:10     | XOM: god gift: runed robe {god gift}
  9658 | D:10     | XOM: draining
  9701 | D:10     | XOM is BORED!
  9701 | D:10     | XOM: give mutation
  9701 | D:10     | Gained mutation: Armour fits poorly on your strangely
                  | shaped body. [Xom's mischief]
  9776 | D:10     | Found an ancient bone altar of Kikubaaqudgha.
  9858 | D:10     | XOM: summons 4 hostile demons
  9914 | D:11     | Reached skill level 5 in Armour
  9931 | D:11     | XOM: divination: detect creatures
  9937 | D:11     | Reached skill level 10 in Long Blades
  9941 | D:11     | Reached XP level 12. HP: 51/92 MP: 12/12
 10034 | D:11     | Found a staircase to the Lair.
 10036 | D:11     | XOM: silly message
 10171 | D:11     | Noticed a two-headed ogre
 10179 | D:11     | XOM: potion effect (curing)
 10181 | D:11     | Killed a two-headed ogre
 10207 | D:11     | XOM: divination: magic mapping
 10313 | D:11     | XOM: noise
 10344 | D:11     | Noticed a two-headed ogre
 10349 | D:11     | XOM: divination: magic mapping
 10355 | D:11     | Killed a two-headed ogre
 10522 | D:11     | XOM: potion effect (invisibility)
 10532 | D:11     | XOM: summons friendly white imp
 10601 | D:11     | Noticed a two-headed ogre
 10623 | D:11     | Found a staircase to the Orcish Mines.
 10773 | D:11     | XOM: cleaving
 10775 | D:11     | Reached skill level 11 in Long Blades
 10795 | D:11     | XOM: scenery: create altars
 10859 | D:11     | Reached skill level 10 in Short Blades
 10868 | D:11     | Identified the +3 chain mail "Masent" {rC+ Will+ Int-2
                  | Stlth+}
 11143 | D:12     | XOM: give mutations
 11143 | D:12     | Gained mutation: You are covered in fur. (AC +1) [Xom's
                  | grace]
 11143 | D:12     | Gained mutation: You passively map a small area around you.
                  | [Xom's grace]
 11143 | D:12     | Gained mutation: Your mind is acute. (Int +4, Str/Dex -1)
                  | [Xom's grace]
 11143 | D:12     | Gained mutation: You are covered in thick fur. (AC +2)
                  | [Xom's grace]
 11176 | D:12     | XOM: god gift: 25 gold pieces
 11178 | D:12     | Noticed a frost giant
 11184 | D:12     | XOM: summons 7 friendly demons
 11184 | D:12     | Noticed a hell knight
 11187 | D:12     | XOM: confuse monster(s)
 11194 | D:12     | XOM: butterfly on damage
 11195 | D:12     | XOM: smoke on damage
 11200 | D:12     | XOM: polymorph acid dragon -> yaktaur
 11202 | D:12     | XOM: smoke on damage
 11203 | D:12     | Killed a frost giant
 11209 | D:12     | XOM: enchant monster (bad)
 11210 | D:12     | XOM: divination: magic mapping
 11288 | D:12     | XOM: cloud trail
 11305 | D:12     | Killed a hell knight
 11594 | D:12     | Reached XP level 13. HP: 71/100 MP: 13/13
 11831 | D:12     | Found a transporter.
 11835 | D:12     | Noticed Vynoutz's ghost (journeyman OpFi)
 11837 | D:12     | Found a transporter.
 12126 | D:12     | Found Acraadups's Assorted Antiques.
 12132 | D:12     | Bought a potion of heal wounds for 165 gold pieces
 12144 | D:12     | Noticed Maurice
 12157 | D:12     | Maurice stole a +1 great sword of flaming
 12158 | D:12     | Killed Maurice
 12246 | D:12     | XOM: butterfly on damage
 12479 | D:12     | XOM: summons 6 hostile demons
 12708 | D:12     | XOM: summons 3 hostile shadow creatures
 12886 | D:13     | XOM: stealth player
 13094 | D:13     | XOM: silly message
 13169 | D:13     | XOM: stat loss: -1 Int (14/15)
 13677 | D:13     | XOM: noise
 13680 | D:12     | XOM: give mutations
 13680 | D:12     | Lost mutation: You are agile. (Dex +4, Str/Int -1) [Xom's
                  | mischief]
 13680 | D:12     | Lost mutation: You are covered in thick fur. (AC +2) [Xom's
                  | mischief]
 14135 | D:13     | XOM: silly message
 14359 | Lair:1   | Entered Level 1 of the Lair of Beasts
 14493 | Lair:1   | XOM is BORED!
 14905 | Lair:1   | Reached skill level 12 in Long Blades
 15286 | Lair:2   | XOM: 1-stop teleportation journey
 15302 | Lair:2   | XOM: blink monster(s)
 15328 | Lair:2   | HP: 4/102 [blink frog (11)]
 15329 | Lair:2   | Mangled by a blink frog

Illustrated notes

Levels and vault maps discovered:
D:1:      orjb1_lava_funnel, layout_loops_ring, dreamdust_ecumenical_altar_grove
D:2:      minmay_chambers_of_ones, layout_basic, basic_altar
D:3:      layout_loops_cross, grunt_temple_overflow_open,
          cheibrodos_sewer_entry_drain, minmay_box_of_dots
D:4:      layout_loops_ring, trog_wizard, uniq_pikel, uniq_sigmund,
          uniq_eustachio
D:5:      layout_loops_ring, minmay_puff, uniq_prince_ribbit1
D:6:      layout_cave_pods, dreamdust_gnoll_farm, uniq_jeremiah, uniq_duvessa
D:7:      layout_basic, minmay_temple_entry_tees, uniq_joseph
D:8:      layout_rooms, regret_index_xom_of_box
D:9:      layout_cave_pools, serial_shops, shop, ebering_ghost_disaster_area,
          nicolae_alphabet_shops
D:10:     layout_basic, lemuel_zombie_altar_kikubaaqudgha, minivault_23,
          uniq_snorg
D:11:     layout_loops_ring, hellmonk_lair_entry_icy, orc_0_dummy,
          serial_undead, serial_undead_a, serial_undead_b, serial_undead_b,
          serial_undead_d
D:12:     layout_roguey, gammafunk_ghost_mausoleum, serial_shops,
          nicolae_shop_back_alley_shop, nicolae_doodle_vault, uniq_maurice
D:13:     layout_basic, serial_curves, eino_curves_04, eino_curves_01
Temple:   hellmonk_temple_forest_ring
Lair:1:   dreamdust_cave_troll, layout_gridlike, grunt_megastairs_5
Lair:2:   layout_loops_ring, swamp_mist, spider_nest_entry_web_field,
          chequers_serial_rivers_micro_b, uniq_erica

Skill      XL: |  1  2  3  4  5  6  7  8  9 10 11 12 13 |
---------------+----------------------------------------+-----
Armour         | 2 3 4 5 6 |  6.1
Dodging        | 1 2 3 4 6 7 |  7.3
Short Blades   | 1 2 3 4 6 7 8 10 | 10.9
Long Blades    | 4 5 6 7 8 10 11 12 | 12.1
Stealth        | 1 2 4 5 6 7 |  7.1
Fighting       | 4 5 6 7 8 9 |  9.7
Evocations     | 1 3 |  3.9

Action                     |  1- 3 |  4- 6 |  7- 9 | 10-12 | 13-15 || total
---------------------------+-------+-------+-------+-------+-------++-------
  Melee: Dagger            |    74 |    40 |       |       |       ||   114
         Falchion          |    77 |    75 |   104 |    28 |       ||   284
         Bite              |    11 |     3 |       |       |       ||    14
         Rapier            |       |    33 |   122 |   288 |   137 ||   580
         Long sword        |       |       |       |    54 |       ||    54
         Scimitar          |       |       |       |   206 |   132 ||   338
  Evoke: Wand              |       |     3 |     2 |    14 |     4 ||    23
    Use: Potion            |     1 |     1 |     1 |     2 |     5 ||    10
         Scroll            |       |     9 |     4 |    14 |     8 ||    35
   Stab: Confused          |     1 |     3 |       |     2 |       ||     6
         Sleeping          |       |     3 |     7 |     3 |     3 ||    16
         Distracted        |       |       |     1 |     2 |       ||     3
         Invisible         |       |       |       |     7 |       ||     7
 Armour: Leather armour    |    57 |    71 |    84 |    68 |       ||   280
         Skin              |       |       |     1 |       |       ||     1
         Acid dragon scale |       |       |       |   140 |   158 ||   298
  Dodge: Dodged            |    56 |    52 |   104 |   222 |   136 ||   570

Table legend: (Time is in decaauts)
 A = Elapsed time spent in this place.
 B = Non-inter-level travel time spent in this place.
 C = Inter-level travel time spent in this place.
 D = Time resting spent in this place.
 E = Time spent auto-exploring this place.
 F = Levels seen in this place.
 G = Mean time per level.
                   A        B        C        D        E       F      G
               +--------+--------+--------+--------+--------+-----+--------+
         Total |  15354 |  14498 |    856 |      0 |   8655 |  17 |  903.2 |
       Dungeon |  14265 |  13435 |    830 |      0 |   8081 |  13 | 1097.3 |
        Temple |     14 |     14 |      0 |      0 |      0 |   1 |   14.0 |
          Lair |    953 |    927 |     26 |      0 |    574 |   2 |  476.5 |
         Sewer |    120 |    120 |      0 |      0 |      0 |   1 |  120.0 |
               +--------+--------+--------+--------+--------+-----+--------+

Top non-repeatable levels by time:
    D:12: 2474 daAuts
     D:6: 1270 daAuts
    D:11: 1244 daAuts
     D:4: 1233 daAuts
     D:7: 1221 daAuts
     D:5: 1199 daAuts
    D:10: 1163 daAuts
     D:3: 895 daAuts
     D:9: 877 daAuts
  Lair:1: 837 daAuts
    D:13: 742 daAuts
     D:2: 742 daAuts
     D:1: 663 daAuts
     D:8: 537 daAuts
   Sewer: 120 daAuts
